 Dungeon Crawl Stone Soup version 0.26-a0-1086-g9010512d90 (webtiles) character file.

Game seed: 15701793309280521253

123 wythoutpain the Gusty (level 5, 0/28 HPs)
             Began as a Tengu Air Elementalist on Dec 14, 2020.
             Was an Initiate of Vehumet.
             Slain by a scorpion (7 damage)
             ... on level 4 of the Dungeon.
             The game lasted 00:28:56 (2754 turns).

wythoutpain the Gusty (Tengu Air Elementalist)      Turns: 2754, Time: 00:28:59

Health: 0/28       AC:  3    Str:  8    XL:     5   Next: 7%
Magic:  7/10       EV: 15    Int: 16    God:    Vehumet [......]
Gold:   138        SH:  0    Dex: 15    Spells: 6/9 levels left

rFire    . . .     SeeInvis .   r - +0 dagger (flame)
rCold    . . .     Faith    .   (no shield)
rNeg     . . .     Spirit   .   a - +0 robe
rPois    .         Reflect  .   (helmet restricted)
rElec    .         Harm     .   p - +0 cloak
rCorr    .         Rampage  .   (no gloves)
Will     .....                  (boots unavailable)
Stlth    ++........             (no amulet)
HPRegen  0.09/turn              (no ring)
MPRegen  0.12/turn              (no ring)

@: flying quickly and evasively, quick
A: beak, talons 3, able to fly
a: Stop Flying, Renounce Religion


You were on level 4 of the Dungeon.
You worshipped Vehumet.
Vehumet was noncommittal.
You visited 1 branch of the dungeon, and saw 5 of its levels.

You collected 138 gold pieces.

Inventory:

Hand Weapons
 g - a +0 short sword
 k - a +0 long sword
 o - a +4 quarterstaff of chaos
 r - a +0 dagger of flaming (weapon)
Armour
 a - a +0 robe (worn)
 p - a +0 cloak (worn)
Jewellery
 m - an uncursed ring of poison resistance {unknown}
Scrolls
 b - a scroll of teleportation {unknown}
 c - a scroll of enchant weapon {unknown}
 d - 4 scrolls of identify {unknown}
 f - 2 scrolls of remove curse {unknown}
 h - a scroll of immolation {unknown}
 l - a scroll of amnesia {unknown}
 n - 3 scrolls of enchant armour {unknown}
Potions
 e - 2 potions of resistance {unknown}
 i - 2 potions of heal wounds {unknown}
 j - a potion of might {unknown}
 q - a potion of lignification {unknown}


   Skills:
 + Level 0.3 Fighting
 + Level 1.1 Short Blades
 + Level 2.6 Dodging
 + Level 2.5 Stealth
 + Level 2.6 Spellcasting
 * Level 3.2 Conjurations
 + Level 5.0 Air Magic


You had 6 spell levels left.
You knew the following spells:

 Your Spells              Type           Power        Failure   Level
a - Shock                 Conj/Air       ###.         3%          1
b - Swiftness             Air            ###.....     3%          2

Your spell library contained the following spells:

 Spells                   Type           Power        Failure   Level
 Static Discharge         Conj/Air       ###.....     11%         3
 Airstrike                Air            ###.......   24%         4
 Lightning Bolt           Conj/Air       ###.......   69%         5


Dungeon Overview and Level Annotations

Branches:
Dungeon (5/15)
 Temple: D:4-7

Altars:
Dithmenos
Gozag
Trog
Vehumet


Innate Abilities, Weirdness & Mutations

You have a beak for a mouth.
You have claws for feet.
You can fly continuously.


Message History

Aiming: Shock (safe; 3% risk of failure)
Press: ? - help, Q - select action, (/) - cycle Shift-Dir - straight line, f - scorpion
Aim: a scorpion (severely wounded, 29% to evade)
The zap hits the scorpion.
The scorpion is almost dead.
The scorpion stings you!
* * * LOW HITPOINT WARNING * * *
Aiming: Shock (safe; 3% risk of failure)
Press: ? - help, Q - select action, (/) - cycle Shift-Dir - straight line, f/p - scorpion
Aim: a scorpion (almost dead, 29% to evade)
The zap hits the scorpion but does no damage.
The scorpion is almost dead.
The scorpion misses you.
Aiming: Shock (safe; 3% risk of failure)
Press: ? - help, Q - select action, (/) - cycle Shift-Dir - straight line, f/p - scorpion
Aim: a scorpion (almost dead, 29% to evade)
The zap hits the scorpion but does no damage.
The scorpion is almost dead.
The scorpion stings you!
You die...

# .# # # ####.####
#. #.##.......#
###.####.......#
#.....#####.##.##.#
#@s............
#.^####.##.##.#
#....# #.##.##.#
###.## #.......#
#.# #.####### ..#
#.# #### ##.##
#...# #...#


You could see a scorpion.

Vanquished Creatures
  Crazy Yiuf (D:2)
  Jessica (D:2)
  2 adders (D:3)
  A shadow imp (D:4)
  A worm (D:2)
  3 leopard geckos
  An orc (D:4)
  A ball python (D:1)
  3 bats (D:1)
  4 goblins
  4 hobgoblins
  6 kobolds
  10 rats
38 creatures vanquished.

Notes
Turn   | Place    | Note
-------+----------+-------------------------------------------
     0 | D:1      | wythoutpain the Tengu Air Elementalist began the quest for
                  | the Orb.
     0 | D:1      | Reached XP level 1. HP: 10/10 MP: 4/4
   214 | D:1      | Reached XP level 2. HP: 15/15 MP: 3/6
   642 | D:1      | Learned a level 2 spell: Swiftness
  1007 | D:2      | Reached XP level 3. HP: 16/19 MP: 5/7
  1108 | D:2      | Found an opulent altar of Gozag.
  1210 | D:2      | Found a radiant altar of Vehumet.
  1348 | D:2      | Noticed a moth of wrath
  1351 | D:2      | Found a bloodstained altar of Trog.
  1586 | D:2      | Found a runed translucent door.
  1587 | D:2      | Noticed Crazy Yiuf
  1618 | D:2      | Killed Crazy Yiuf
  1619 | D:2      | Reached XP level 4. HP: 12/24 MP: 0/8
  1908 | D:2      | Noticed Jessica
  1918 | D:2      | Killed Jessica
  1919 | D:2      | Reached skill level 1 in Short Blades
  2283 | D:2      | Became a worshipper of Vehumet
  2545 | D:3      | You fall into a shaft and drop 2 floors!
  2545 | D:5      | Entered Level 5 of the Dungeon
  2556 | D:4      | Gained mutation: You can fly continuously. [Tengu growth]
  2556 | D:4      | Reached XP level 5. HP: 28/28 MP: 8/10
  2623 | D:4      | Found a shadowy altar of Dithmenos.
  2629 | D:4      | Reached skill level 5 in Air Magic
  2754 | D:4      | Slain by a scorpion

Illustrated notes

Levels and vault maps discovered:
D:1:      nzn_arrival_settlement, layout_rooms, minmay_pentomino_u2
D:2:      layout_loops_ring, fiery_altar_vehumet, lemuel_doored_altar, tgw_trog,
          uniq_crazy_yiuf_cottage, uniq_jessica
D:3:      layout_loops_ring, lemuel_round_altar, okawaru_metal_pillars_3,
          gup_sewer_entry_spiral, st_stairs_13, lemuel_blue_sif_altar
D:4:      layout_loops_cross, cheibriados_altar_1, grunt_dithmenos_shadows,
          minmay_temple_entry_glassed_door
D:5:      layout_basic, nicolae_overflow_crystal_walls, kennysheep_mini,
          demons_altar, uniq_edmund

Skill      XL: |  1  2  3  4  5 |
---------------+----------------+-----
Conjurations   | 2 3 |  3.2
Short Blades   | 1 |  1.1
Air Magic      | 5 |  5.0
Fighting       | |  0.3
Dodging        | |  2.6
Stealth        | |  2.5
Spellcasting   | |  2.6

Action                   |  1- 3 |  4- 6 || total
-------------------------+-------+-------++-------
Melee: Whip              |    10 |       ||    10
       Kick              |     5 |     5 ||    10
       Short sword       |    26 |     5 ||    31
       Peck              |     2 |     2 ||     4
       Dagger            |       |    10 ||    10
 Cast: Shock             |    44 |    16 ||    60
       Swiftness         |     1 |     1 ||     2
 Abil: Fly               |       |     1 ||     1
 Stab: Sleeping          |     1 |     2 ||     3
Armor: Robe              |     8 |     5 ||    13
Dodge: Dodged            |    40 |    12 ||    52

Table legend: (Time is in decaauts)
 A = Elapsed time spent in this place.
 B = Non-inter-level travel time spent in this place.
 C = Inter-level travel time spent in this place.
 D = Time resting spent in this place.
 E = Time spent auto-exploring this place.
 F = Levels seen in this place.
 G = Mean time per level.
                   A        B        C        D        E       F      G
               +--------+--------+--------+--------+--------+-----+--------+
         Total |   2728 |   2612 |    116 |   1214 |    879 |   5 |  545.6 |
       Dungeon |   2728 |   2612 |    116 |   1214 |    879 |   5 |  545.6 |
               +--------+--------+--------+--------+--------+-----+--------+

Top non-repeatable levels by time:
     D:2: 1346 daAuts
     D:1: 940 daAuts
     D:3: 240 daAuts
     D:4: 195 daAuts
     D:5: 4 daAuts
